 Dungeon Crawl Stone Soup version 0.31-a0-210-gccc998df9b (webtiles) character file.

Game seed: 9503582452672764580

1547 qw the Cleaver (level 8, -5/51 HPs)
             Began as a Gargoyle Fighter on June 30, 2023.
             Was a Follower of Okawaru.
             Slain by Duvessa
             ... wielding a +4 short sword of speed
              (19 damage)
             ... on level 5 of the Dungeon.
             The game lasted 00:01:59 (4252 turns).

qw the Cleaver (Gargoyle Fighter)                   Turns: 4252, Time: 00:01:59

Health: -5/51      AC: 18    Str: 21    XL:     8   Next: 87%
Magic:  8/10       EV: 12    Int:  8    God:    Okawaru [*.....]
Gold:   47         SH:  5    Dex:  9    Spells: 7/7 levels left

rFire   . . .        Y - +5 war axe
rCold   + . .        c - +0 buckler
rNeg    + . .        e - +2 ring mail {rC+}
rPois   inf          (helmet restricted)
rElec   +            (no cloak)
rCorr   .            (no gloves)
SInv    +            (no boots)
Will    .....        k - amulet of regeneration
Stlth   ++           (no ring)
HPRegen 1.08/turn    (no ring)
MPRegen 0.12/turn

%: no passive effects
@: heroic
A: sickness immunity, AC +5, negative energy resistance 1, electricity
resistance, torment resistance 1, petrification resistance, horns 1, iridescent
scales 2, see invisible, dopey 1
a: Renounce Religion, Heroism


You were on level 5 of the Dungeon.
You worshipped Okawaru.
Okawaru was aware of your devotion.
You visited 2 branches of the dungeon, and saw 6 of its levels.

You collected 283 gold pieces.
You spent 236 gold pieces at shops.


Innate Abilities, Weirdness & Mutations

You are immune to sickness and miasma.
Your stone body is resilient. (AC +5)
You are immune to poison.
You resist negative energy. (rN+)
You are resistant to electric shocks. (rElec)
You are resistant to unholy torment.
You are immune to petrification.
You have a pair of small horns on your head.
You are mostly covered in iridescent scales. (AC +4)
You have supernaturally acute eyesight. (SInv)
You are dopey. (Int -2)


   Skills:
 - Level 6.2(11.2) Fighting
 - Level 8.3(13.3) Axes
 + Level 0.0(5.0) Throwing
 - Level 3.2(8.2) Armour
 - Level 1.0(6.0) Dodging
 - Level 3.2(8.2) Shields
 + Level 3.5 Invocations


You had 7 spell levels left.
You didn't know any spells.
Your spell library was empty.

Inventory:

Hand Weapons
 j - a +0 morningstar
 m - the +4 mace of Misulu {flame, rC+ rCorr Dex+4}
   (You found it on level 5 of the Dungeon)

   Dex:       It affects your dexterity (+4).
   rC:        It protects you from cold.
   rCorr:     It protects you from acid and corrosion.
 Y - a +5 war axe (weapon)
Missiles
 n - a silver boomerang
 o - 3 boomerangs
Armour
 c - a +0 buckler (worn)
 e - a +2 ring mail of cold resistance (worn)
 l - a +0 chain mail
Jewellery
 k - an amulet of regeneration (around neck)
Scrolls
 a - 2 scrolls of identify
 g - a scroll of teleportation
Potions
 b - a potion of resistance
 d - a potion of might
 f - a potion of cancellation
 h - a potion of lignification
 i - 4 potions of curing

Dungeon Overview and Level Annotations

Branches:
Dungeon (5/15)             Temple (1/1) D:4

Altars:
Dithmenos
Nemelex Xobeh
Okawaru
Qazlal
Ru
Uskayaw
Wu Jian
Zin

Shops:
D:4 [*(*

Annotations:
D:5 Duvessa


Message History

The orc closely misses you.
You slash the orc!
You kill the orc!
Okawaru accepts your kill.
n - a silver boomerang;
o - 3 boomerangs
Items here: %%% )) [.
Enter note:
Enter note: Duvessa, Sister of Dowan comes into view.
She is wielding a +4 short sword of speed and carrying a wand of flame (12).
Found a scroll labelled MANIRU RUIRIES.
Duvessa goes berserk!
Enter note:
Enter note:
Enter note:
4246 ||| INVOKING Heroism.
You gain the combat prowess of a mighty hero.
An iguana comes into view.
Duvessa rages.
The iguana hisses angrily.
Enter note:
Enter note:
Enter note: You slash Duvessa!
Duvessa is moderately wounded.
Duvessa hits you but does no damage.
You hit Duvessa but do no damage. You headbutt Duvessa, but do no damage.
Duvessa is lightly wounded.
Duvessa hits you with a +4 short sword of speed!
Duvessa hits you but does no damage.
You slash Duvessa!
Duvessa is moderately wounded.
Duvessa hits you with a +4 short sword of speed!
Duvessa hits you but does no damage.
You slash Duvessa!
Duvessa is heavily wounded.
Duvessa hits you with a +4 short sword of speed.
Duvessa hits you with a +4 short sword of speed!!
You hit Duvessa but do no damage. You headbutt Duvessa!
Duvessa is severely wounded.
Duvessa hits you with a +4 short sword of speed!!
You die...

.##.... ............
.........###............
..........#..........#..
##.......... #......####
...........####.....##.#
............#......#....
............#...##....##
.....................###
......e@..........#..##.
....l..........##.......
............######.###.#
.?...$#......####..# ###
...####........##..####.
.. ###..........##... .
#..#..###........
##..##............ #.
##))######.#.......


You could see Duvessa (berserk) and an iguana.

Vanquished Creatures
  Sigmund (D:2)
  Menkaure (D:5)
  2 water moccasins (D:5)
  3 ogres
  A kobold brigand (D:5)
  Blork the orc (D:4)
  2 scorpions (D:5)
  Dowan (D:5)
  A jelly (D:4)
  2 hounds (D:4)
  2 iguanas
  A sleepcap (D:4)
  Ijyb (D:4)
  2 orc wizards (D:4)
  Robin (D:4)
  7 gnolls (D:4)
  9 adders
  A white imp (D:5)
  An ufetubus (D:5)
  2 dart slugs
  12 orcs
  3 bats
  6 endoplasms
  6 giant cockroaches
  4 hobgoblins
  5 jackals
  4 quokkas
  2 ball pythons
  3 frilled lizards
  12 goblins
  8 kobolds
  A rat (D:2)
108 creatures vanquished.

Notes
Turn   | Place    | Note
-------+----------+-------------------------------------------
     0 | D:1      | qw the Gargoyle Fighter began the quest for the Orb.
     0 | D:1      | Reached XP level 1. HP: 14/14 MP: 1/1
     0 | D:1      | 0 ||| qw: Version: 0.3-a-26-gee661ec
     0 | D:1      | 0 ||| qw: Game counter: 7306
     0 | D:1      | 0 ||| qw: Melee chars always use a shield: true
     0 | D:1      | 0 ||| qw: God list: Okawaru
     0 | D:1      | 0 ||| qw: Allow faded altars: false
     0 | D:1      | 0 ||| qw: Do Orc after clearing Dungeon:15 true
     0 | D:1      | 0 ||| qw: Do second Lair branch before Depths: true
     0 | D:1      | 0 ||| qw: Lair rune preference: random
     0 | D:1      | 0 ||| qw: Goals: Normal, Zot:1-4, Slime:5, God:TSO, Crypt,
                  | Tomb, Abyss, Pan, Hells, Win
     0 | D:1      | 0 ||| PLANNING D:1-11
    49 | D:1      | Reached skill level 2 in Axes
   405 | D:1      | Reached XP level 2. HP: 10/19 MP: 2/2
   908 | D:1      | 908 ||| READING scroll labelled PESAEDEGIT.
   909 | D:1      | 909 ||| READING scroll labelled SORIZEU WACABA.
   910 | D:1      | 910 ||| READING scroll labelled CEQACVI YPHAJE.
   923 | D:1      | 923 ||| READING scroll labelled SEF UZELAXI.
   926 | D:1      | 926 ||| DRINKING 2 metallic yellow potions.
   926 | D:1      | Gained mutation: Your flesh is cold resistant. (rC+)
                  | [potion of mutation]
   926 | D:1      | Gained mutation: You are frail. (-10% HP) [potion of
                  | mutation]
   926 | D:1      | Gained mutation: You occasionally lose the ability to drink
                  | potions when taking damage. [potion of mutation]
   926 | D:1      | Gained mutation: You have supernaturally acute eyesight.
                  | (SInv) [potion of mutation]
   927 | D:1      | 927 ||| DRINKING potion of mutation.
   927 | D:1      | Lost mutation: Your flesh is cold resistant. (rC+) [potion
                  | of mutation]
   927 | D:1      | Lost mutation: You occasionally lose the ability to drink
                  | potions when taking damage. [potion of mutation]
   927 | D:1      | Lost mutation: You are frail. (-10% HP) [potion of
                  | mutation]
   927 | D:1      | Gained mutation: You are partially covered in iridescent
                  | scales. (AC +2) [potion of mutation]
   927 | D:1      | Gained mutation: You are dopey. (Int -2) [potion of
                  | mutation]
   927 | D:1      | Gained mutation: You have a pair of small horns on your
                  | head. [potion of mutation]
   927 | D:1      | Gained mutation: You are mostly covered in iridescent
                  | scales. (AC +4) [potion of mutation]
   932 | D:1      | 932 ||| DRINKING 2 glowing dark potions.
  1007 | D:2      | 1007 ||| SWAPPING to +4 war axe.
  1008 | D:2      | 1008 ||| DROPPING +0 war axe.
  1042 | D:2      | Reached skill level 3 in Axes
  1042 | D:2      | Reached XP level 3. HP: 23/23 MP: 3/3
  1103 | D:2      | Noticed Sigmund
  1127 | D:2      | Killed Sigmund
  1128 | D:2      | Reached skill level 5 in Axes
  1128 | D:2      | Reached XP level 4. HP: 17/28 MP: 4/4
  1128 | D:2      | Reached XP level 5. HP: 20/32 MP: 5/5
  1704 | D:2      | 1704 ||| UPGRADING to +2 ring mail of cold resistance.
  1714 | D:2      | 1714 ||| DROPPING +0 scale mail.
  1715 | D:2      | 1715 ||| READING scroll labelled LEHONN HIRCHANO.
  1716 | D:2      | 1716 ||| DRINKING 2 grey potions.
  1834 | D:3      | 1834 ||| Stepping ~*~*~tactically~*~*~ (hiding).
  1836 | D:3      | 1836 ||| Stepping ~*~*~tactically~*~*~ (hiding).
  1850 | D:3      | Reached skill level 1 in Dodging
  1850 | D:3      | Reached XP level 6. HP: 37/37 MP: 6/6
  2054 | D:3      | 2054 ||| Stepping ~*~*~tactically~*~*~ (stealth).
  2089 | D:3      | Found a faded altar of an unknown god.
  2164 | D:3      | 2164 ||| READING scroll labelled KESETE GUADYSI.
  2165 | D:3      | 2165 ||| READING scroll labelled MADWUO TOAL DIUF.
  2166 | D:3      | 2166 ||| READING scroll labelled CIUGUL RUIHA.
  2167 | D:3      | 2167 ||| READING scroll labelled SYBUCOSHER.
  2168 | D:3      | 2168 ||| READING scroll labelled KUYMUD UGHY.
  2169 | D:3      | 2169 ||| READING 3 scrolls of identify.
  2169 | D:3      | 2169 ||| IDENTIFYING viscous orange potion
  2170 | D:3      | 2170 ||| READING 2 scrolls of identify.
  2170 | D:3      | 2170 ||| IDENTIFYING green potion
  2171 | D:3      | 2171 ||| DROPPING potion of degeneration.
  2311 | D:4      | 2311 ||| Stepping ~*~*~tactically~*~*~ (hiding).
  2312 | D:4      | 2312 ||| Stepping ~*~*~tactically~*~*~ (hiding).
  2313 | D:4      | 2313 ||| Stepping ~*~*~tactically~*~*~ (hiding).
  2318 | D:4      | 2318 ||| Stepping ~*~*~tactically~*~*~ (stealth).
  2322 | D:4      | 2322 ||| Stepping ~*~*~tactically~*~*~ (stealth).
  2387 | D:4      | Found Hoeguem's Weapon Boutique.
  2387 | D:4      | Found Daom Haciu's Armour Boutique.
  2391 | D:4      | Found Qeumeha's General Store.
  2392 | D:4      | Found Lydanil's Assorted Antiques.
  2395 | D:4      | 2395 ||| BUYING +0 morningstar (44 gold).
  2395 | D:4      | Bought a +0 morningstar for 44 gold pieces
  2395 | D:4      | 2395 ||| DROPPING +0 flail.
  2400 | D:4      | 2400 ||| BUYING 2 potions of curing (144 gold).
  2400 | D:4      | Bought 2 potions of curing for 144 gold pieces
  2400 | D:4      | 2400 ||| SHOPLISTING large marble ring (120 gold, have 48).
  2400 | D:4      | 2400 ||| BUYING scroll of identify (48 gold).
  2400 | D:4      | Bought a scroll of identify for 48 gold pieces
  2400 | D:4      | 2400 ||| SHOPLISTING silvery potion (21 gold, have 0).
  2405 | D:4      | Found a staircase to the Ecumenical Temple.
  2406 | D:4      | 2406 ||| PLANNING TEMPLE
  2406 | D:4      | 2406 ||| DRINKING 2 glowing sapphire potions.
  2415 | Temple   | Entered the Ecumenical Temple
  2416 | Temple   | 2416 ||| PLANNING OKAWARU WORSHIP
  2531 | Temple   | Became a worshipper of Warmaster Okawaru
  2532 | Temple   | 2532 ||| PLANNING D:1-11
  2547 | D:4      | 2547 ||| SHOPLISTING +0 pair of boots (49 gold, have 0).
  2547 | D:4      | 2547 ||| SHOPLISTING +0 pair of gloves (49 gold, have 0).
  2547 | D:4      | 2547 ||| SHOPLISTING +0 plate armour (253 gold, have 0).
  2551 | D:4      | 2551 ||| SHOPLISTING amulet of guardian spirit (300 gold,
                  | have 0).
  2551 | D:4      | 2551 ||| SHOPLISTING potion of cancellation (80 gold, have
                  | 0).
  2551 | D:4      | 2551 ||| SHOPLISTING scroll of identify (20 gold, have 0).
  2577 | D:4      | Reached skill level 6 in Axes
  2577 | D:4      | Reached XP level 7. HP: 38/43 MP: 7/7
  2637 | D:4      | Found a hide-covered altar of Uskayaw.
  2701 | D:4      | 2701 ||| Stepping ~*~*~tactically~*~*~ (stealth).
  2713 | D:4      | 2713 ||| Stepping ~*~*~tactically~*~*~ (stealth).
  2784 | D:4      | 2784 ||| Stepping ~*~*~tactically~*~*~ (stealth).
  2794 | D:4      | Reached skill level 7 in Axes
  2881 | D:4      | Noticed Robin
  2892 | D:4      | Killed Robin
  2892 | D:4      | Reached * piety under Okawaru
  2975 | D:4      | Noticed Blork the orc
  2976 | D:4      | 2976 ||| INVOKING Heroism.
  2977 | D:4      | 2977 ||| Stepping ~*~*~tactically~*~*~ (stealth).
  2986 | D:4      | 2986 ||| Stepping ~*~*~tactically~*~*~ (stealth).
  3072 | D:4      | Killed Blork the orc
  3208 | D:4      | Found an ornate altar of the Wu Jian Council.
  3491 | D:4      | 3491 ||| UPGRADING to amulet of regeneration.
  3496 | D:4      | 3496 ||| READING scroll labelled FITIKI OHUEGEU.
  3549 | D:5      | Entered Level 5 of the Dungeon
  3550 | D:5      | 3550 ||| Stepping ~*~*~tactically~*~*~ (hiding).
  3551 | D:5      | 3551 ||| Stepping ~*~*~tactically~*~*~ (hiding).
  3662 | D:5      | Noticed Ijyb
  3663 | D:5      | 3663 ||| INVOKING Heroism.
  3666 | D:5      | Reached XP level 8. HP: 49/49 MP: 5/8
  3672 | D:5      | 3672 ||| FLEEEEING.
  3673 | D:5      | 3673 ||| FLEEEEING.
  3674 | D:5      | 3674 ||| FLEEEEING.
  3675 | D:5      | 3675 ||| FLEEEEING.
  3676 | D:5      | 3676 ||| STAIRDANCE
  3793 | D:5      | Noticed Dowan
  3794 | D:5      | 3794 ||| INVOKING Heroism.
  3796 | D:5      | 3796 ||| STAIRDANCE
  3798 | D:4      | 3798 ||| FLEEEEING.
  3799 | D:4      | 3799 ||| FLEEEEING.
  3800 | D:4      | 3800 ||| FLEEEEING.
  3801 | D:4      | 3801 ||| FLEEEEING.
  3802 | D:4      | 3802 ||| FLEEEEING.
  3803 | D:4      | 3803 ||| FLEEEEING.
  3804 | D:4      | 3804 ||| FLEEEEING.
  3805 | D:4      | 3805 ||| FLEEEEING.
  3806 | D:4      | 3806 ||| FLEEEEING.
  3807 | D:4      | 3807 ||| FLEEEEING.
  3808 | D:4      | 3808 ||| FLEEEEING.
  3809 | D:4      | 3809 ||| FLEEEEING.
  3810 | D:4      | 3810 ||| FLEEEEING.
  3811 | D:4      | 3811 ||| FLEEEEING.
  3812 | D:4      | 3812 ||| FLEEEEING.
  3813 | D:4      | 3813 ||| FLEEEEING.
  3814 | D:4      | 3814 ||| FLEEEEING.
  3815 | D:4      | 3815 ||| FLEEEEING.
  3816 | D:4      | 3816 ||| FLEEEEING.
  3817 | D:4      | 3817 ||| FLEEEEING.
  3826 | D:4      | Reached skill level 8 in Axes
  3848 | D:5      | 3848 ||| INVOKING Heroism.
  3851 | D:5      | Killed Dowan
  3852 | D:5      | 3852 ||| Stepping ~*~*~tactically~*~*~ (hiding).
  3860 | D:5      | 3860 ||| STAIRDANCE
  3872 | D:4      | Killed Ijyb
  4060 | D:5      | Reached skill level 1 in Invocations
  4061 | D:5      | Noticed Menkaure
  4062 | D:5      | 4062 ||| INVOKING Heroism.
  4069 | D:5      | Killed Menkaure
  4070 | D:5      | Reached skill level 6 in Fighting
  4094 | D:5      | 4094 ||| INVOKING Heroism.
  4161 | D:5      | Identified the +4 mace of Misulu {flame, rC+ rCorr Dex+4}
  4168 | D:5      | Identified the +4 hand axe "Beastslayer" {drain, Int+2}
  4180 | D:5      | Reached skill level 3 in Invocations
  4198 | D:5      | 4198 ||| Stepping ~*~*~tactically~*~*~ (stealth).
  4245 | D:5      | Noticed Duvessa
  4246 | D:5      | 4246 ||| INVOKING Heroism.
  4252 | D:5      | Slain by Duvessa

Levels and vault maps discovered:
D:1:      giann_bridges, layout_basic, serial_co_window_serial,
          co_window_paths_b, co_window_of_opportunity_a,
          co_window_of_opportunity_a, co_window_paths_a, co_window_paths_a,
          co_window_of_opportunity_b, co_window_cross_4, co_window_corner_b,
          co_window_unsneaky_path_c, co_window_cross_2, co_window_paths_e,
          glass_columns_a, glass_columns_b, glass_columns_a, glass_columns_a,
          glass_columns_c
D:2:      layout_loops_ring, uniq_sigmund
D:3:      layout_rooms, hellmonk_ecumenical_altar_lost_god, minivault_14,
          mrwooster_statue_mirror
D:4:      layout_gridville, nzn_wu_jian_council_hall,
          mainiacjoe_overflow_brackets, minmay_temple_entry_butterflies,
          minmay_shop_grid_forest, serial_bayou_pond_b, minmay_cut_off,
          uniq_robin, uniq_blork_the_orc
D:5:      layout_cave_pools, uniq_ijyb, uniq_duvessa, uniq_eustachio,
          uniq_menkaure
Temple:   nicolae_temple_two_arcs

Skill      XL: |  1  2  3  4  5  6  7  8 |
---------------+-------------------------+-----
Axes           | 2 3 5 6 7 8 |  8.3
Dodging        | 1 |  1.0
Fighting       | 4 5 6 |  6.2
Invocations    | 3 |  3.5
Armour         | |  3.2
Shields        | |  3.2

Action                     |  1- 3 |  4- 6 |  7- 9 || total
---------------------------+-------+-------+-------++-------
  Melee: War axe           |    39 |    70 |   110 ||   219
         Headbutt          |     3 |     7 |    19 ||    29
         Unarmed           |       |       |     6 ||     6
 Invoke: Heroism           |       |       |     7 ||     7
    Use: Scroll            |     4 |     8 |     1 ||    13
         Potion            |     3 |     2 |       ||     5
 Armour: Scale mail        |    28 |     6 |       ||    34
         Ring mail         |       |    28 |    44 ||    72
         Skin              |       |       |     2 ||     2
  Dodge: Dodged            |    17 |    20 |    42 ||    79
  Block: Buckler           |     7 |    11 |    19 ||    37

Table legend:
 A = Non-vault XP
 B = Vault XP
 C = Vault XP percentage of total XP
 D = Non-vault monster count
 E = Vault monster count
 F = Vault count percentage of total count
                 A         B        C        D         E       F
            +---------+---------+-------+---------+---------+-------
      Total |    1519 |     692 |  31.3 |      88 |      20 |  18.5
            +---------+---------+-------+---------+---------+-------
        D:1 |      21 |       0 |   0.0 |      12 |       0 |   0.0
        D:2 |      34 |     226 |  86.9 |      13 |       1 |   7.1
        D:3 |      92 |       0 |   0.0 |      11 |       0 |   0.0
        D:4 |     607 |     224 |  27.0 |      27 |      17 |  38.6
        D:5 |     765 |     242 |  24.0 |      25 |       2 |   7.4
            +---------+---------+-------+---------+---------+-------
